 Dungeon Sprint DCSS version 0.26.1-10-gdfb7c7de75 (webtiles) character file.

Game seed: 9119000928211317866

1247 phalm the Grappler (level 8, 0/73 HPs)
             Began as a Vine Stalker Berserker on Apr 8, 2021.
             Was an Elder of Trog.
             Slain by a demonic crawler (6 damage)
             ... in the Dungeon (Sprint I: "Red Sonja").
             The game lasted 00:02:08 (416 turns).

phalm the Grappler (Vine Stalker Berserker)          Turns: 416, Time: 00:02:08

Health: 0/73       AC:  5    Str: 23    XL:     8   Next: 50%
Magic:  0/9        EV: 17    Int:  7    God:    Trog [****..]
Gold:   224        SH:  0    Dex: 16    Spells: 7/7 levels left

rFire    . . .     SeeInvis .     - Unarmed
rCold    . . .     Faith    .   (no shield)
rNeg     + . .     Spirit   +   h - +1 leather armour "Wich" {rN+ Str+3} (curse)
rPois    .         Reflect  .   (no helmet)
rElec    .         Harm     .   (no cloak)
rCorr    .         Rampage  .   (no gloves)
Will     +....     NoTele   +   (no boots)
Stlth    ..........             (no amulet)
HPRegen  0.62/turn              (no ring)
MPRegen  0.11/turn              (no ring)

@: berserking (expiring), very quick
A: fangs 3, regeneration 1, magic shield, antimagic bite, no potion heal 3
a: Renounce Religion, Berserk, Trog's Hand, Brothers in Arms


You were in the Dungeon.
You worshipped Trog.
Trog was greatly pleased with you.
You visited 1 branch You collected 413 gold pieces.
You spent 189 gold pieces at shops.

Inventory:

Armour
 g - a +2 leather armour of positive energy
 h - the cursed +1 leather armour "Wich" (worn) {rN+ Str+3}
   (You bought it in a shop in the Dungeon)

   It affects your strength (+3).
   It protects you from negative energy.
   It has a curse placed upon it.
Scrolls
 f - a scroll of blinking
Potions
 a - a potion of brilliance {unknown}
 b - a potion of curing
 c - a potion of haste
 d - 2 potions of magic
 e - a potion of berserk rage


   Skills:
 + Level 8.9 Fighting
 + Level 7.9 Armour
 + Level 7.9 Dodging
 + Level 9.7 Unarmed Combat


You had 7 spell levels left.
You didn't know any spells.
Your spell library was empty.

Dungeon Overview and Level Annotations

Branches:
Dungeon (1/1)

Altars:
Cheibriados
Dithmenos
Elyvilon
Fedhas
Gozag
Hepliaklqana
Kikubaaqudgha
Makhleb
Nemelex Xobeh
Okawaru
Qazlal
Ru
Sif Muna
Trog
Uskayaw
Vehumet
Wu Jian
Xom
Yredelemnul
Zin
The Shining One
Jiyva
Lugonu

Shops:
D [


Innate Abilities, Weirdness & Mutations

You have razor-sharp teeth.
Your natural rate of healing is unusually fast.
When hurt, damage is shared between your health and your magic reserves.
Your bite disrupts and absorbs the magic of your enemies.
Potions cannot restore your health.


Message History

* * * LOW HITPOINT WARNING * * *
You punch the demonic crawler! You bite the demonic crawler.
You drain its power.
You feel invigorated.
The demonic crawler is severely wounded.
The demonic crawler barely misses you. x3
The demonic crawler closely misses you. The demonic crawler hits you.
* * * LOW HITPOINT WARNING * * *
The demonic crawler hits you!
* * * LOW HITPOINT WARNING * * *
You are too berserk!
You punch the demonic crawler! You bite the demonic crawler.
You drain its power.
You feel invigorated.
The demonic crawler is almost dead.
You hit the demonic crawler.
You bite the demonic crawler, but do no damage.
The demonic crawler is almost dead.
The demonic crawler hits you.
* * * LOW HITPOINT WARNING * * *
The demonic crawler hits you!
You die...

##################
.#..'..#__#..')..#
.)..#..'..'..#).@#
'#####+#__####..sss.#
.#...#.#### #####s.+
##..##[#§§§ +##
_##'#_.+§§§
..†..._#§≈≈§c
_##_.#'# +###
_###+#[# ## ###


You could see 4 demonic crawlers.

Vanquished Creatures
  2 kobold demonologists (D)
  A slime creature (D)
  Sigmund (D)
  A yak (D)
  A floating eye (D)
  An ogre (D)
  A jelly (D)
  Ijyb (D)
9 creatures vanquished.

Notes
Turn   | Place    | Note
-------+----------+-------------------------------------------
     0 | D        | phalm the Vine Stalker Berserker began the quest for the
                  | Orb.
     0 | D        | Reached XP level 1. HP: 11/11 MP: 2/2
     1 | D        | Noticed Ijyb
    11 | D        | Killed Ijyb
    12 | D        | Reached skill level 4 in Unarmed Combat
    12 | D        | Reached XP level 2. HP: 17/17 MP: 3/3
    56 | D        | Noticed an ogre
    62 | D        | Killed an ogre
    63 | D        | Reached skill level 5 in Unarmed Combat
    63 | D        | Reached XP level 3. HP: 5/22 MP: 1/4
    63 | D        | Gained mutation: Your natural rate of healing is unusually
                  | fast. [Vine Stalker growth]
    63 | D        | Reached XP level 4. HP: 5/26 MP: 1/5
   115 | D        | Noticed Sigmund
   124 | D        | Killed Sigmund
   124 | D        | Reached ** piety under Trog
   125 | D        | Reached skill level 5 in Armour
   125 | D        | Reached skill level 5 in Dodging
   125 | D        | Reached skill level 6 in Unarmed Combat
   125 | D        | Reached XP level 5. HP: 32/32 MP: 6/6
   125 | D        | Reached XP level 6. HP: 37/37 MP: 7/7
   196 | D        | Found an ornate altar of the Wu Jian Council.
   196 | D        | Found a shimmering blue altar of Sif Muna.
   198 | D        | Found a radiant altar of Vehumet.
   202 | D        | Reached skill level 7 in Unarmed Combat
   208 | D        | Found Beon's Antique Armour Emporium.
   208 | D        | Found an ancient bone altar of Kikubaaqudgha.
   208 | D        | Found a hazy altar of Hepliaklqana.
   208 | D        | Found a stormy altar of Qazlal.
   208 | D        | Found a hide-covered altar of Uskayaw.
   208 | D        | Found a blossoming altar of Fedhas.
   208 | D        | Found a bloodstained altar of Trog.
   208 | D        | Found an iron altar of Okawaru.
   208 | D        | Found a basalt altar of Yredelemnul.
   208 | D        | Found a glowing golden altar of the Shining One.
   208 | D        | Found a snail-covered altar of Cheibriados.
   208 | D        | Found a sacrificial altar of Ru.
   208 | D        | Found a glowing silver altar of Zin.
   208 | D        | Found a shadowy altar of Dithmenos.
   208 | D        | Found a white marble altar of Elyvilon.
   208 | D        | Noticed a yak
   216 | D        | Killed a yak
   217 | D        | Reached XP level 7. HP: 34/42 MP: 6/8
   218 | D        | Found an opulent altar of Gozag.
   232 | D        | Found a sparkling altar of Nemelex Xobeh.
   236 | D        | Bought a twisted leather armour for 189 gold pieces
   246 | D        | Identified the cursed +1 leather armour "Wich" {rN+ Str+3}
                  | (You bought it in a shop in the Dungeon)
   259 | D        | Noticed a centaur warrior
   264 | D        | Found a viscous altar of Jiyva.
   264 | D        | Found a corrupted altar of Lugonu.
   264 | D        | Noticed a slime creature
   265 | D        | Found a burning altar of Makhleb.
   265 | D        | Found a shimmering altar of Xom.
   274 | D        | Killed a slime creature
   274 | D        | Reached *** piety under Trog
   275 | D        | Reached skill level 8 in Unarmed Combat
   343 | D        | Noticed a kobold demonologist
   344 | D        | Noticed a kobold demonologist
   353 | D        | Killed a kobold demonologist
   354 | D        | Reached skill level 9 in Unarmed Combat
   354 | D        | Gained mutation: You have razor-sharp teeth. [Vine Stalker
                  | growth]
   354 | D        | Reached XP level 8. HP: 48/48 MP: 9/9
   359 | D        | Killed a kobold demonologist
   359 | D        | Reached **** piety under Trog
   406 | D        | Noticed a demonic crawler
   406 | D        | Noticed a demonic crawler
   406 | D        | Noticed a demonic crawler
   406 | D        | Noticed a demonic crawler
   416 | D        | Slain by a demonic crawler

Illustrated notes

Levels and vault maps discovered:
D:        dungeon_sprint_1 [red_sonja_temple_1, red_sonja_temple_small_1]

Skill      XL: |  1  2  3  4  5  6  7 |
---------------+----------------------+-----
Fighting       | 3 4 6 7 8 |  8.9
Armour         | 2 4 5 6 7 |  7.9
Dodging        | 2 4 5 6 7 |  7.9
Unarmed Combat | 4 5 6 7 9 |  9.7

Action                   |  1- 3 |  4- 6 |  7- 9 || total
-------------------------+-------+-------+-------++-------
Melee: Unarmed           |    13 |    14 |    31 ||    58
       Bite              |     4 |     8 |    14 ||    26
Invok: Berserk           |     2 |     1 |     3 ||     6
Armor: Animal skin       |     3 |       |       ||     3
       Leather armour    |       |     4 |     4 ||     8
Dodge: Dodged            |     1 |     5 |    32 ||    38
